 Dungeon Crawl Stone Soup version 0.31-a0-233-g139696dc86 (webtiles) character file.

Game seed: 2156322957069826198

1198 qw the Skirmisher (level 8, -9/70 HPs)
             Began as a Minotaur Hexslinger on July 9, 2023.
             Mangled by Maggie
             ... wielding a +1 scimitar of flaming
              (12 damage)
             ... on level 5 of the Dungeon.
             The game lasted 00:02:04 (4656 turns).

qw the Skirmisher (Minotaur Hexslinger)             Turns: 4656, Time: 00:02:05

Health: -9/70      AC:  7    Str: 12    XL:     8   Next: 20%
Magic:  8/8        EV: 13    Int: 10    God:
Gold:   256        SH:  0    Dex: 16    Spells: 8/9 levels left

rFire   + . .        Y - +3 sling
rCold   . . .        (no shield)
rNeg    . . .        f - +2 robe {rF+}
rPois   .            (helmet restricted)
rElec   .            i - scarf {repulsion}
rCorr   +            c - +2 pair of gloves
SInv    .            (no boots)
Will    .....        (no amulet)
Stlth   +            k - ring of resist corrosion
HPRegen 0.31/turn    (no ring)
MPRegen 0.11/turn

%: repel missiles
@: mesmerised
A: horns 2, retaliatory headbutt
a: no special abilities


You were on level 5 of the Dungeon.
You visited 2 branches of the dungeon, and saw 7 of its levels.
You also visited: Ossuary.

You collected 256 gold pieces.


Innate Abilities, Weirdness & Mutations

You have a pair of horns on your head.
You reflexively headbutt those who attack you in melee.


   Skills:
 - Level 6.1 Fighting
 + Level 9.1 Ranged Weapons
 - Level 1.1 Armour
 - Level 3.0 Dodging
 - Level 1.0 Spellcasting
 - Level 2.0 Hexes


You had 8 spell levels left.
You knew the following spells:

 Your Spells              Type           Power      Damage    Failure   Level
a - Slow                  Hex            16%        N/A       16%         1

Your spell library contained the following spells:

 Spells                   Type           Power      Damage    Failure   Level
 Inner Flame              Hex/Fire       2%         N/A       56%         3
 Portal Projectile        Hex/Tloc       4%         N/A       56%         3
 Cause Fear               Hex            2%         N/A       83%         4

Inventory:

Hand Weapons
 Y - a +3 sling (weapon)
Armour
 a - a +3 leather armour
 c - a +2 pair of gloves (worn)
 f - a +2 robe of fire resistance (worn)
 i - a scarf of repulsion (worn)
 j - the +2 robe "Ohi Kua" {+Blink rF- Regen+ Str-4 Int+6}
   (You found it on level 3 of the Dungeon)

   Str:       It affects your strength (-4).
   Int:       It affects your intelligence (+6).
   rF:        It makes you vulnerable to fire.
   +Blink:    It lets you blink.
   Regen:     It increases your rate of health regeneration.
Jewellery
 k - a ring of resist corrosion (left hand)
Scrolls
 e - a scroll of identify
Potions
 b - 2 potions of might
 g - 8 potions of curing
 h - a potion of mutation
 l - a potion of enlightenment

Dungeon Overview and Level Annotations

Branches:
Dungeon (6/15)             Temple (1/1) D:5         Ossuary (visited)

Altars:
Ashenzari
Cheibriados
Dithmenos
Kikubaaqudgha
Ru
Sif Muna
Trog
Vehumet
Wu Jian
Zin
The Shining One

Annotations:
D:2 1 runed translucent door, Crazy Yiuf
D:5 Maggie


Message History

Maggie closely misses you.
You shoot a sling bullet. The sling bullet hits Maggie.
Maggie is severely wounded.
Maggie hits you with a +1 scimitar of flaming!
Maggie burns you.
4647 ||| DRINKING potion of heal wounds.
You feel much better. Maggie barely misses you.
You shoot a sling bullet. The sling bullet barely misses Maggie.
Maggie gives herself a magical halo, but it quickly sputters out.
Maggie hits you with a +1 scimitar of flaming.
Maggie burns you.
You shoot a sling bullet. The sling bullet barely misses Maggie.
You shoot a sling bullet. The sling bullet hits Maggie.
Maggie is severely wounded.
Maggie zaps a wand.
The puff of flame hits you. You resist.
You shoot a sling bullet. The sling bullet hits Maggie.
Maggie is almost dead.
Maggie hits you with a +1 scimitar of flaming!
You shoot a sling bullet.
The sling bullet hits Maggie but does no damage.
Maggie is almost dead.
Maggie gestures at you while chanting. The bolt of fire misses you.
You shoot a sling bullet. The sling bullet barely misses Maggie.
Maggie hits you with a +1 scimitar of flaming.
You shoot a sling bullet.
The sling bullet hits Maggie but does no damage.
Maggie is severely wounded.
Maggie gestures wildly while chanting.
Maggie attempts to bespell you!
You are mesmerised by Maggie!
You shoot a sling bullet.
The sling bullet completely misses Maggie.
Maggie hits you with a +1 scimitar of flaming!
Maggie burns you.
You shoot a sling bullet.
The sling bullet completely misses Maggie.
Maggie hits you with a +1 scimitar of flaming!
You die...

.#
#.#######.#...##.#
.#
#.....)...#.##...##
[#
#######.###.##.#..#
## #...........#
#....#.#....#
#...........#
#..#.#.#.#..#
#......)....#
#..#.#@#.#..#
#......@....#
#....#.#...##
#..........#
#....####### ######


You could see Maggie (mesmerising).

Vanquished Creatures
  Sigmund (D:2)
  2 ogres (D:5)
  2 phantoms
  2 scorpions
  2 water moccasin zombies (Ossuary)
  2 howler monkeys (D:3)
  A jelly (D:5)
  An orc priest (D:5)
  Jessica (D:2)
  2 orc wizards (D:5)
  A sleepcap (D:5)
  2 iguanas
  2 mummies (Ossuary)
  8 adders
  A white imp (D:5)
  3 adder zombies (Ossuary)
  2 worms
  3 dart slugs
  5 orcs
  8 endoplasms
  2 giant cockroaches
  4 gnoll zombies (Ossuary)
  8 goblins
  4 hobgoblins
  4 quokkas
  6 ball pythons
  4 bats
  4 frilled lizards
  A hobgoblin zombie (Ossuary)
  9 kobolds
  7 kobold zombies (Ossuary)
  7 orc zombies (Ossuary)
  5 rats
116 creatures vanquished.

Vanquished Creatures (others)
  An orc (D:6)
1 creature vanquished.

Grand Total: 117 creatures vanquished

Notes
Turn   | Place    | Note
-------+----------+-------------------------------------------
     0 | D:1      | qw the Minotaur Hexslinger began the quest for the Orb.
     0 | D:1      | Reached XP level 1. HP: 16/16 MP: 1/1
     0 | D:1      | 0 ||| qw: Version: 0.3-a-51-g015441d
     0 | D:1      | 0 ||| qw: Game counter: 3969
     0 | D:1      | 0 ||| qw: Melee chars always use a shield: true
     0 | D:1      | 0 ||| qw: God list: Okawaru
     0 | D:1      | 0 ||| qw: Allow faded altars: false
     0 | D:1      | 0 ||| qw: Do Orc after clearing Dungeon:15 true
     0 | D:1      | 0 ||| qw: Do second Lair branch before Depths: true
     0 | D:1      | 0 ||| qw: Lair rune preference: random
     0 | D:1      | 0 ||| qw: Goals: Normal
     0 | D:1      | 0 ||| PLANNING D:1-11
   133 | D:1      | 133 ||| FLEEEEING.
   134 | D:1      | 134 ||| FLEEEEING.
   135 | D:1      | 135 ||| FLEEEEING.
   136 | D:1      | 136 ||| FLEEEEING.
   137 | D:1      | 137 ||| FLEEEEING.
   138 | D:1      | 138 ||| FLEEEEING.
   139 | D:1      | 139 ||| FLEEEEING.
   140 | D:1      | 140 ||| FLEEEEING.
   141 | D:1      | 141 ||| FLEEEEING.
   143 | D:1      | 143 ||| FLEEEEING.
   144 | D:1      | 144 ||| FLEEEEING.
   145 | D:1      | 145 ||| FLEEEEING.
   146 | D:1      | 146 ||| FLEEEEING.
   218 | D:1      | Reached skill level 3 in Ranged Weapons
   223 | D:1      | Reached XP level 2. HP: 23/23 MP: 2/2
   311 | D:1      | You fall into a shaft and drop 1 floor!
   350 | D:2      | 350 ||| UPGRADING to +0 leather armour.
   360 | D:2      | 360 ||| DROPPING +0 robe.
   361 | D:2      | 361 ||| READING scroll labelled UTYZUE SIASO.
   362 | D:2      | 362 ||| DRINKING 3 murky black potions.
   363 | D:2      | 363 ||| DROPPING scroll of poison.
   364 | D:2      | 364 ||| DROPPING 2 potions of brilliance.
   713 | D:1      | Reached XP level 3. HP: 29/29 MP: 3/3
  1063 | D:1      | 1063 ||| UPGRADING to +3 leather armour.
  1073 | D:1      | 1073 ||| DROPPING +0 leather armour.
  1074 | D:1      | 1074 ||| READING scroll labelled KEIHUI MUIFEQOMY.
  1075 | D:1      | 1075 ||| READING scroll labelled JAOSHOWIME.
  1076 | D:1      | 1076 ||| DRINKING 2 viscous puce potions.
  1164 | D:2      | Found a sacrificial altar of Ru.
  1292 | D:2      | Reached skill level 4 in Ranged Weapons
  1293 | D:2      | Noticed Jessica
  1298 | D:2      | Killed Jessica
  1299 | D:2      | Reached XP level 4. HP: 30/36 MP: 4/4
  1407 | D:2      | Found a runed translucent door.
  1408 | D:2      | Noticed Crazy Yiuf
  1709 | D:2      | Noticed Sigmund
  1724 | D:2      | 1724 ||| DRINKING 2 potions of curing.
  1724 | D:2      | 1724 ||| (to cure confusion)
  1732 | D:2      | Killed Sigmund
  1733 | D:2      | Reached skill level 6 in Ranged Weapons
  1733 | D:2      | Reached XP level 5. HP: 28/41 MP: 5/5
  1935 | D:2      | 1935 ||| UPGRADING to +1 pair of gloves.
  1940 | D:2      | 1940 ||| UPGRADING to +2 robe of fire resistance.
  1950 | D:2      | 1950 ||| UPGRADING to scarf of repulsion.
  1955 | D:2      | 1955 ||| READING scroll labelled SAEPPONEAJAZ.
  1956 | D:2      | 1956 ||| READING scroll labelled EHEUHUYREJI.
  1957 | D:2      | 1957 ||| DRINKING 2 golden potions.
  1992 | D:2      | 1992 ||| DROPPING potion of lignification.
  2047 | D:3      | 2047 ||| Stepping ~*~*~tactically~*~*~ (outnumbered).
  2050 | D:3      | Reached XP level 6. HP: 50/50 MP: 6/6
  2072 | D:3      | Reached skill level 3 in Fighting
  2221 | D:3      | Identified the +2 robe "Ohi Kua" {+Blink rF- Regen+ Str-4
                  | Int+6}
  2408 | D:3      | 2408 ||| READING scroll of enchant armour.
  2408 | D:3      | 2408 ||| ENCHANTING +1 pair of gloves.
  2547 | D:3      | 2547 ||| READING scroll labelled BIQIARCHOAD.
  2548 | D:3      | 2548 ||| READING 2 scrolls of identify.
  2548 | D:3      | 2548 ||| IDENTIFYING dark potion
  2549 | D:3      | 2549 ||| DROPPING potion of degeneration.
  2575 | D:4      | 2575 ||| PLANNING OSSUARY
  2699 | D:4      | Reached skill level 7 in Ranged Weapons
  3152 | D:4      | Found a sand-covered staircase.
  3153 | D:4      | 3153 ||| UPGRADING to ring of resist corrosion.
  3154 | D:4      | 3154 ||| READING scroll labelled HEATOH MEIC.
  3157 | D:4      | 3157 ||| DRINKING 2 smoky inky potions.
  3158 | D:4      | 3158 ||| DROPPING potion of invisibility.
  3187 | Ossuary  | Entered an ossuary
  3207 | Ossuary  | Reached XP level 7. HP: 57/59 MP: 7/7
  3236 | Ossuary  | 3236 ||| FLEEEEING.
  3237 | Ossuary  | 3237 ||| FLEEEEING.
  3238 | Ossuary  | 3238 ||| FLEEEEING.
  3239 | Ossuary  | 3239 ||| FLEEEEING.
  3240 | Ossuary  | 3240 ||| FLEEEEING.
  3241 | Ossuary  | 3241 ||| FLEEEEING.
  3242 | Ossuary  | 3242 ||| FLEEEEING.
  3243 | Ossuary  | 3243 ||| FLEEEEING.
  3244 | Ossuary  | 3244 ||| FLEEEEING.
  3245 | Ossuary  | 3245 ||| FLEEEEING.
  3246 | Ossuary  | 3246 ||| FLEEEEING.
  3247 | Ossuary  | 3247 ||| FLEEEEING.
  3248 | Ossuary  | 3248 ||| FLEEEEING.
  3249 | Ossuary  | 3249 ||| FLEEEEING.
  3330 | Ossuary  | Reached skill level 8 in Ranged Weapons
  3422 | Ossuary  | 3422 ||| READING scroll of enchant weapon.
  3422 | Ossuary  | 3422 ||| ENCHANTING +2 sling.
  3431 | Ossuary  | 3431 ||| DRINKING 3 ruby potions.
  3432 | Ossuary  | 3432 ||| READING 2 scrolls of identify.
  3432 | Ossuary  | 3432 ||| IDENTIFYING sapphire potion
  3440 | D:4      | 3440 ||| PLANNING D:1-11
  3562 | D:4      | Reached skill level 3 in Dodging
  3648 | D:4      | 3648 ||| DRINKING 2 amethyst potions.
  3649 | D:4      | 3649 ||| DRINKING 2 smoky blue potions.
  3650 | D:4      | 3650 ||| READING 2 scrolls of identify.
  3650 | D:4      | 3650 ||| IDENTIFYING silvery potion
  3651 | D:4      | 3651 ||| DROPPING potion of magic.
  3652 | D:4      | 3652 ||| DROPPING potion of attraction.
  3682 | D:5      | Entered Level 5 of the Dungeon
  3697 | D:5      | Found a glowing golden altar of the Shining One.
  3758 | D:5      | Found a staircase to the Ecumenical Temple.
  3759 | D:5      | 3759 ||| PLANNING TEMPLE
  3766 | Temple   | Entered the Ecumenical Temple
  3800 | Temple   | 3800 ||| PLANNING D:1-11
  4284 | D:5      | Reached skill level 9 in Ranged Weapons
  4312 | D:5      | Reached skill level 1 in Armour
  4312 | D:5      | Reached XP level 8. HP: 68/68 MP: 8/8
  4412 | D:5      | Reached skill level 6 in Fighting
  4493 | D:5      | 4493 ||| READING 2 scrolls of identify.
  4493 | D:5      | 4493 ||| IDENTIFYING green potion
  4523 | D:6      | Noticed Maggie
  4528 | D:6      | 4528 ||| STAIRDANCE
  4637 | D:6      | 4637 ||| STAIRDANCE
  4646 | D:5      | HP: 17/70 [Maggie/+1 scimitar of flaming (3)]
  4647 | D:5      | 4647 ||| DRINKING potion of heal wounds.
  4655 | D:5      | HP: 4/70 [Maggie/+1 scimitar of flaming (15)]
  4656 | D:5      | Mangled by Maggie

Levels and vault maps discovered:
D:1:      dpeg_arrival_boxes_within_box, layout_loops_ring, serial_forest,
          infiniplex_forest_lined_room_2, infiniplex_forest_end_double,
          infiniplex_forest_straight_2, infiniplex_forest_clump_long,
          infiniplex_forest_pool, infiniplex_forest_lined_room_2,
          infiniplex_forest_lined_room_
D:2:      layout_basic, basic_altar, serial_forest,
          infiniplex_forest_clump_cross, infiniplex_forest_side_room,
          infiniplex_forest_clump_long, infiniplex_forest_lined_room_2,
          infiniplex_forest_clump_large, uniq_sigmund, uniq_jessica,
          uniq_crazy_yiuf_cottage
D:3:      layout_basic
D:4:      layout_gridville, lightli_ossuary_entry_decrepit_ruins
D:5:      layout_basic, lemuel_round_altar, minmay_temple_entry_wispy,
          st_stairs_2, serial_park_tiny_2
D:6:      layout_cave_pools, nicolae_ru_path_of_blood,
          nicolae_overflow_crystal_walls, serial_shops, shop,
          ebering_ghost_reflecting_pool, nicolae_figureground_pulse, uniq_maggie
Temple:   nicolae_temple_cloud_nine

Skill      XL: |  1  2  3  4  5  6  7  8 |
---------------+-------------------------+-----
Ranged Weapons | 3 4 6 7 9 |  9.1
Fighting       | 2 4 5 6 |  6.1
Dodging        | 3 |  3.0
Armour         | 1 |  1.1
Spellcasting   | |  1.0
Hexes          | |  2.0

Action                     |  1- 3 |  4- 6 |  7- 9 || total
---------------------------+-------+-------+-------++-------
   Fire: Sling             |    82 |   178 |   212 ||   472
    Use: Scroll            |     3 |     6 |     4 ||    13
         Potion            |     2 |     3 |     4 ||     9
 Armour: Leather armour    |     7 |     3 |       ||    10
         Robe              |       |    24 |    24 ||    48
  Dodge: Dodged            |    10 |    45 |    56 ||   111
         Repelled          |       |       |     1 ||     1

Table legend:
 A = Non-vault XP
 B = Vault XP
 C = Vault XP percentage of total XP
 D = Non-vault monster count
 E = Vault monster count
 F = Vault count percentage of total count
                 A         B        C        D         E       F
            +---------+---------+-------+---------+---------+-------
      Total |    1099 |     613 |  35.8 |      86 |      30 |  25.9
            +---------+---------+-------+---------+---------+-------
        D:1 |      41 |       0 |   0.0 |      23 |       0 |   0.0
        D:2 |      53 |     251 |  82.6 |      18 |       2 |  10.0
        D:3 |     242 |       0 |   0.0 |      15 |       0 |   0.0
        D:4 |     181 |       0 |   0.0 |      14 |       0 |   0.0
        D:5 |     579 |     127 |  18.0 |      15 |       2 |  11.8
        D:6 |       3 |       0 |   0.0 |       1 |       0 |   0.0
    Ossuary |       0 |     235 | 100.0 |       0 |      26 | 100.0
            +---------+---------+-------+---------+---------+-------
